 Dungeon Crawl Stone Soup version 0.30.0-29-ga12c61a403 (webtiles) character file.

Game seed: 531644092936419436

151 CaptainMV the Sneak (level 5, -2/40 HPs)
             Began as a Draconian Wanderer on June 6, 2023.
             Slain by a gnoll
             ... wielding a +0 spear of electrocution
              (4 damage)
             ... on level 3 of the Dungeon.
             The game lasted 00:12:53 (1441 turns).

CaptainMV the Sneak (Draconian Wanderer)            Turns: 1441, Time: 00:12:54

Health: -2/40      AC:  6    Str: 17    XL:     5   Next: 10%
Magic:  2/7        EV: 11    Int: 12    God:
Gold:   63         SH:  0    Dex: 10    Spells: 5/6 levels left

rFire   . . .        a - +0 flail
rCold   . . .        (no shield)
rNeg    . . .        (body armour unavailable)
rPois   .            (helmet restricted)
rElec   .            (no cloak)
rCorr   .            b - +0 pair of gloves
SInv    .            (no boots)
Will    .....        (no amulet)
Stlth   ++           (no ring)
HPRegen 0.26/turn    (no ring)
MPRegen 0.10/turn

%: no passive effects
@: no status effects
A: AC +5, unfitting armour, cold-blooded
a: no special abilities


You were on level 3 of the Dungeon.
You visited 1 branch of the dungeon, and saw 3 of its levels.

You collected 63 gold pieces.

Inventory:

Hand Weapons
 a - a +0 flail (weapon)
Missiles
 i - 4 curare-tipped darts
Armour
 b - a +0 pair of gloves (worn)
Jewellery
 d - an amulet of the acrobat
Wands
 e - a wand of light (5)
Scrolls
 c - a scroll of vulnerability
 h - a scroll of butterflies
 j - a scroll of enchant weapon
Potions
 f - a potion of attraction {unknown}


   Skills:
 + Level 1.3 Fighting
 + Level 3.4 Maces & Flails
 + Level 0.6 Dodging
 + Level 4.3 Stealth
 + Level 1.4 Spellcasting
 + Level 1.4 Transmutations
 + Level 2.4 Poison Magic
 + Level 1.0 Invocations


You had 5 spell levels left.
You knew the following spells:

 Your Spells              Type           Power      Damage    Failure   Level
a - Sting                 Tmut/Pois      20%        1d4       13%         1

Your spell library contained the following spells:

 Spells                   Type           Power      Damage    Failure   Level
 Spider Form              Tmut/Pois      5%         N/A       36%         3


Dungeon Overview and Level Annotations

Branches:
Dungeon (3/15)

Altars:

Shops:
D:2 [[[   D:3 *[(

Annotations:
D:3 1 transporter


Innate Abilities, Weirdness & Mutations

Your plain brown scales are hard. (AC +5)
You cannot fit into any form of body armour.
You are cold-blooded and may be slowed by cold attacks.


Message History

The sting hits the gnoll.
The gnoll looks even sicker.
The gnoll is heavily wounded.
The gnoll hits you but does no damage.
You are lethally poisoned!
You feel better. The gnoll barely misses you.
Casting: Sting (safe; 14% risk of failure)
Confirm with . or Enter, or press ? or * to list all spells.
Aiming: Sting (safe; 14% risk of failure)
Press: ? - help, Shift-Dir - straight line, f/p - gnoll
Aim: a gnoll, wielding a +3 spear of venom (severely wounded, very poisoned, 72% to hit)
The sting hits the gnoll.
The gnoll looks even sicker.
The gnoll is severely wounded.
You kill the gnoll!
You have reached level 5!
Casting: Sting (safe; 14% risk of failure)
Confirm with . or Enter, or press ? or * to list all spells.
Aiming: Sting (safe; 14% risk of failure)
Press: ? - help, Shift-Dir - straight line, f - gnoll
Aim: a gnoll, wielding a +0 halberd and carrying a wand of charming (5) (72% to hit)
The sting misses the gnoll.
The gnoll bouda shouts!
You hear a shout!
The gnoll hits you from afar with a +0 halberd!
* * * LOW HITPOINT WARNING * * *
The gnoll misses you.
You sock the gnoll!
The gnoll is severely wounded.
The gnoll zaps a wand.
You resist with some effort.
You hit the gnoll. You tail-slap the gnoll.
You kill the gnoll!
The gnoll bouda barks out a call to the hunt!
The gnoll picks up the pace!
The gnoll bouda hits you with a +0 club.
* * * LOW HITPOINT WARNING * * *
You closely miss the gnoll bouda.
The gnoll bouda hits you with a +0 club.
* * * LOW HITPOINT WARNING * * *
You hit the gnoll bouda.
The gnoll bouda is moderately wounded.
The gnoll hits you from afar with a +0 spear of electrocution.
You die...

.##.#...≈≈### ##+##.###≈≈.#
....#...≈≈.. #$ $#.#..≈≈.#
..#.#...≈≈.##g# #.##.≈≈.#
........≈≈.#. #.©#.≈≈.#
.####...≈≈.##.#####.##.≈≈.##
<# #.......#.#8)8#.#..≈≈..#
## #.....©#.).©.)(#©.~~..#
#......#.#g..#.#..≈≈..#
#..≈≈.##.##@##.##.≈≈..#
#..≈≈.#..#P.P#..#.≈≈..#
##.≈≈.##.#⌠g⌠#.##.≈≈..#
#.≈≈..#.#P.P#.#..≈≈..#
#.≈≈###.##'##.###≈≈..# ##
#.≈≈#...........#≈≈..#
..#####.≈≈##.###.###.##≈≈..#
........≈≈#..#8###8#..#≈≈..#
#.#.....≈≈####.....####≈≈..#


You could see a gnoll bouda and a gnoll (swift).

Vanquished Creatures
  5 gnolls (D:3)
  3 adders
  2 dart slugs (D:2)
  2 bats (D:2)
  6 endoplasms
  A giant cockroach (D:2)
  5 goblins
  8 hobgoblins
  8 jackals
  3 quokkas
  11 ball pythons
  A frilled lizard (D:1)
  6 kobolds
  2 rats
63 creatures vanquished.

Notes
Turn   | Place    | Note
-------+----------+-------------------------------------------
     0 | D:1      | CaptainMV the Draconian Wanderer began the quest for the
                  | Orb.
     0 | D:1      | CaptainMV set off with the following items: a +0 flail, a
                  | +0 pair of gloves, a scroll of vulnerability; and the
                  | following spell memorised: Sting; and the following spells
                  | available to memorise: Spider Form.
     0 | D:1      | Reached XP level 1. HP: 14/14 MP: 2/2
   136 | D:1      | Reached XP level 2. HP: 20/20 MP: 3/3
   195 | D:1      | Reached skill level 4 in Stealth
   548 | D:1      | Reached XP level 3. HP: 27/27 MP: 4/4
   891 | D:2      | Found Piczaf's Antique Armour Shop.
   920 | D:2      | Found Vesag's Antique Armour Boutique.
   986 | D:2      | Reached XP level 4. HP: 18/34 MP: 0/5
  1166 | D:2      | Found Serurile's Antique Armour Boutique.
  1236 | D:3      | Reached skill level 1 in Transmutations
  1240 | D:3      | Found Ifraduwn's General Store.
  1273 | D:3      | Found Kairr's Armour Shop.
  1291 | D:3      | Reached skill level 1 in Fighting
  1316 | D:3      | Found a transporter.
  1353 | D:3      | Found Askaesk's Antique Weapon Shoppe.
  1400 | D:3      | Found a transporter.
  1435 | D:3      | Reached XP level 5. HP: 20/40 MP: 2/7
  1440 | D:3      | HP: 1/40 [gnoll bouda/+0 club (6)]
  1441 | D:3      | Slain by a gnoll

Illustrated notes

Levels and vault maps discovered:
D:1:      dpeg_arrival_more_subterranean_lakeside_camping, layout_loops_corners,
          serial_glass, glass_columns_a, glass_columns_c,
          minmay_strange_pillars, due_unseen_surprise, minmay_strange_pillars,
          minmay_strange_pillars, chequers_serial_rivers_micro_b
D:2:      layout_basic, serial_shops, shop, shop, shop
D:3:      layout_basic, gammafunk_ghost_gnarly_gnolls, serial_shops,
          nicolae_shop_tiny_statue_garden, shop, shop,
          nicolae_shop_tiny_real_fake_doors

Skill      XL: |  1  2  3  4 |
---------------+-------------+-----
Stealth        | 4 |  4.3
Maces & Flails | 3 |  3.4
Transmutations | 1 |  1.4
Fighting       | 1 |  1.3
Dodging        | |  0.6
Spellcasting   | |  1.4
Poison Magic   | |  2.4
Invocations    | |  1.0

Action                     |  1- 3 |  4- 6 || total
---------------------------+-------+-------++-------
  Melee: Flail             |    94 |    37 ||   131
         Tailslap          |     7 |     3 ||    10
         Punch             |       |     1 ||     1
   Cast: Sting             |    27 |    15 ||    42
    Use: Scroll            |     4 |     2 ||     6
         Potion            |       |     2 ||     2
   Stab: Sleeping          |     5 |     1 ||     6
 Armour: Skin              |    48 |    20 ||    68
  Dodge: Dodged            |    67 |    24 ||    91
